 Dungeon Crawl Stone Soup version 0.29-a0-338-g1ff7896281 (webtiles) character file.

Game seed: 14663963682194061494

23 spaghetti the Caller (level 3, 20/22 HPs)
             Began as an Octopode Summoner on Apr 18, 2022.
             Was a Follower of Trog.
             Quit the game on level 2 of the Dungeon.
             The game lasted 00:01:38 (1182 turns).

spaghetti the Caller (Octopode Summoner)            Turns: 1182, Time: 00:01:39

Health: 20/22      AC:  1    Str:  7    XL:     3   Next: 0%
Magic:  4/6        EV: 13    Int: 19    God:    Trog [*.....]
Gold:   39         SH:  0    Dex: 12    Spells: 0/6 levels left

rFire   . . .      SeeInvis .   (no weapon)
rCold   . . .      Faith    .   (no shield)
rNeg    . . .      Spirit   .   (helmet restricted)
rPois   .          Reflect  .   (no amulet)
rElec   .          Harm     .   (no ring)
rCorr   .          Rampage  .   (no ring)
Will    .....                   (no ring)
Stlth   +++.......              (no ring)
HPRegen 0.07/turn               (no ring)
MPRegen 0.10/turn               (no ring)
                                (no ring)
                                (no ring)

@: no status effects
A: almost no armour, amphibious, 8 rings, camouflage 1, gelatinous body 1,
(nimble swimmer 1), tentacles
a: Renounce Religion, Berserk


You were on level 2 of the Dungeon.
You worshipped Trog.
Trog was aware of your devotion.
You visited 1 branch of the dungeon, and saw 2 of its levels.

You collected 39 gold pieces.


Innate Abilities, Weirdness & Mutations

You cannot wear most types of armour.
You are amphibious.
You can wear up to eight rings at the same time.
Your skin changes colour to match your surroundings (Stealth+).
Your rubbery body absorbs attacks. (AC +1, EV +1)
((You are camouflaged when in or above water. (Stealth+)))
You have tentacles for arms and can constrict up to eight enemies at once.


   Skills:
 + Level 0.9 Fighting
 + Level 2.3 Dodging
 + Level 3.2 Stealth
 - Level 2.2 Spellcasting
 - Level 4.1 Summonings


You couldn't memorise any spells.
You knew the following spells:

 Your Spells              Type           Power      Damage    Failure   Level
a - Summon Small Mammal   Summ           72%        N/A       3%          1
b - Call Imp              Summ           18%        N/A       4%          2
c - Call Canine Familiar  Summ           18%        N/A       9%          3

Your spell library contained the following spells:

 Spells                   Type           Power      Damage    Failure   Level
 Summon Guardian Golem    Hex/Summ       10%        N/A       22%         3
 Summon Lightning Spire   Summ/Air       10%        N/A       56%         4

Inventory:

Hand Weapons
 b - a +0 dagger {short}
   (You took it off a kobold on level 1 of the Dungeon)
 d - a +0 club {mace}
   (You took it off a goblin on level 1 of the Dungeon)
 e - a +0 club {mace}
   (You took it off a kobold on level 1 of the Dungeon)
 g - a +0 dagger {short}
   (You took it off a kobold on level 1 of the Dungeon)
 h - a +0 club {mace}
   (You took it off a goblin on level 1 of the Dungeon)
 i - a +0 short sword {short}
   (You found it on level 1 of the Dungeon)
 k - a +0 club {mace}
   (You took it off a goblin on level 1 of the Dungeon)
 m - a +0 spear {polearm}
   (You found it on level 1 of the Dungeon)
Missiles
 f - 42 stones {throwing}
Scrolls
 c - a scroll of identify {unknown}
 o - a scroll of noise {unknown}
Potions
 a - a potion of magic
 j - a potion of lignification {unknown}
 l - a potion of curing {unknown}
 n - a potion of resistance {unknown}

Dungeon Overview and Level Annotations

Branches:
Dungeon (2/15)

Altars:
Trog

... .#.# ##
#.##.#....
...J......... #
#.##....#.... #.
#.#.....#....
#.##.#.#......$.
#.#..!......⌠.#
#........5....#
#.!###..⌠.@..##
#..#...†..........
#..#....⌠...⌠.....
#...........######
#..#...........
#.....#.####..#
##.........#..#
#.....<....#..#
#.##########


You could see a friendly white imp (summoned).


Message History

😕 HP[-1] MP[-2]
You take 1 damage, and now have 17/18 hp.
You lost 2 mp, and now have 3/5 mp.
Casting: Call Imp (safe; 5% risk of failure)
Confirm with . or Enter, or press ? or * to list all spells.
A beastly little devil appears in a puff of flame.
The frilled lizard bites you. 😕 HP[-2] MP[-2]
You take 2 damage, and now have 15/18 hp.
You lost 2 mp, and now have 1/5 mp.
You tentacle-slap the frilled lizard.
You kill the frilled lizard!
You see here a frilled lizard corpse.
Your magical contamination has completely faded away. 😕 HP[+1] Key pressed, stopping explore.
n - a grey potion 😎 HP[+2] MP[+4]
Your hp is fully restored (18).
Your mp is fully restored (5).
f - 42 stones {throwing} (gained 18)
You swap places.
Your crimson imp blinks!
Key pressed, stopping explore.
You swap places.
Your crimson imp disappears in a puff of smoke!
Found a stone staircase leading down.
There is a stone staircase leading down here.
A hobgoblin comes into view.
The helpless hobgoblin fails to defend itself.
You tentacle-slap the hobgoblin. You grab the hobgoblin.
Your squeeze misses the hobgoblin. You constrict the hobgoblin.
The hobgoblin hits you. 😕 HP[-1]
You take 1 damage, and now have 17/18 hp.
You tentacle-slap the hobgoblin but do no damage.
You squeeze the hobgoblin.
You kill the hobgoblin!
o - a scroll labelled SOURERU FEUSAF 😎 HP[+1]
Your hp is fully restored (18).
Done exploring.
Done exploring.
Done exploring.
Done exploring.
(D) Dungeon
Where to? (? - help)
There is a stone staircase leading down here.
You climb downwards.
Found 7 gold pieces.
Found a faded altar of an unknown god.
There is a stone staircase leading up here.
Unknown command.
Unknown command.
Unknown command.
Unknown command.
You now have 39 gold pieces (gained 7).
A ball python comes into view.
A ball python is nearby!
A ball python is nearby!
The ball python hisses angrily.
Casting: Call Imp (safe; 5% risk of failure)
Confirm with . or Enter, or press ? or * to list all spells.
A beastly little devil appears in a puff of frigid air. 😎 MP[-2]
You lost 2 mp, and now have 3/5 mp.
Casting: Call Imp (safe; 5% risk of failure)
Confirm with . or Enter, or press ? or * to list all spells.
You don't know that spell.
The ball python closely misses you. The ball python misses you.
You closely miss the ball python. Your grab misses the ball python.
The ball python bites you. The ball python misses you. 😕 HP[-1]
You take 1 damage, and now have 17/18 hp.
You barely miss the ball python. You grab the ball python.
You constrict the ball python. The ball python barely misses you.
The ball python grabs you. The ball python constricts you.
Your white imp hits the ball python.
The ball python dies!
You have reached level 3!
Your experience leads to an increase in your attributes!
Increase (S)trength, (I)ntelligence, or (D)exterity?
You feel clever. x2 😕 HP[+2]
You now have 22 max hp (+4).
You regained 2 hp, and now have 19/22 hp.
Okay, then.
This spell is quite dangerous to cast!
Memorise Call Canine Familiar, consuming 3 spell levels and leaving 0?
You start memorising the spell.
You continue memorising. x3
You finish memorising.
Spell assigned to 'c'. 😕 HP[+1] 😕 MP[+1]
An endoplasm comes into view.
There is a faded altar of an unknown god here.
You cannot tell which god this altar belongs to.
Convert to them anyway?
Trog accepts your prayer! Trog welcomes you!
You can now go berserk at will.
Unknown command.
Press < or > to pray at altars.
Are you sure you want to abandon this character and quit the game? (Confirm with "yes".)

Skill      XL: |  1  2 |
---------------+-------+-----
Stealth        | 3 |  3.2
Fighting       | |  0.9
Dodging        | |  2.3
Spellcasting   | |  2.2
Summonings     | |  4.1

Action                   || total
-------------------------++-------
Melee: Unarmed           ||    40
       Tentacles         ||    12
       Constrict         ||    10
 Cast: Summon Small Mamm ||     9
       Call Imp          ||     5
 Stab: Sleeping          ||     4
Armor: Skin              ||     7
Dodge: Dodged            ||    28

Levels and vault maps discovered:
D:1:      lightli_arrival_windingriver, layout_basic
D:2:      layout_basic, hellmonk_ecumenical_altar_run_dry, minmay_crystal_water,
          uniq_natasha

Notes
Turn   | Place    | Note
-------+----------+-------------------------------------------
     0 | D:1      | spaghetti the Octopode Summoner began the quest for the
                  | Orb.
     0 | D:1      | Reached XP level 1. HP: 11/11 MP: 3/3
     0 | D:1      | magus.rc [v1.9.6]
   207 | D:1      | Reached XP level 2. HP: 18/18 MP: 5/5
   213 | D:1      | Reached skill level 3 in Stealth
   225 | D:1      | Learned a level 2 spell: Call Imp
  1158 | D:2      | Found a faded altar of an unknown god.
  1171 | D:2      | Reached XP level 3. HP: 19/22 MP: 3/6
  1176 | D:2      | Learned a level 3 spell: Call Canine Familiar
  1181 | D:2      | Prayed at the altar of an unknown god.
  1181 | D:2      | Became a worshipper of Trog the Wrathful
  1181 | D:2      | Reached * piety under Trog
  1182 | D:2      | Quit the game

Vanquished Creatures
  An endoplasm (D:1)
  A giant cockroach (D:1)
  2 hobgoblins (D:1)
  A quokka (D:1)
  A ball python (D:1)
  2 frilled lizards (D:1)
  2 goblins (D:1)
  A kobold (D:1)
  2 rats (D:1)
13 creatures vanquished.

Vanquished Creatures (collateral kills)
  2 endoplasms (D:1)
  A goblin (D:1)
  A ball python (D:2)
  3 bats (D:1)
  2 kobolds (D:1)
  2 rats (D:1)
11 creatures vanquished.

Grand Total: 24 creatures vanquished

Table legend:
 A = Non-vault XP
 B = Vault XP
 C = Vault XP percentage of total XP
 D = Non-vault monster count
 E = Vault monster count
 F = Vault count percentage of total count
                 A         B        C        D         E       F
            +---------+---------+-------+---------+---------+-------
      Total |      34 |       0 |   0.0 |      24 |       0 |   0.0
            +---------+---------+-------+---------+---------+-------
        D:1 |      33 |       0 |   0.0 |      23 |       0 |   0.0
        D:2 |       1 |       0 |   0.0 |       1 |       0 |   0.0
            +---------+---------+-------+---------+---------+-------

Illustrated notes

Table legend:
 A = Kills in this place as a percentage of kills in entire the game.
 B = Kills by you in this place as a percentage of kills by you in the entire game.
 C = Kills by friends in this place as a percentage of kills by friends in the entire game.
 D = Other kills in this place as a percentage of other kills in the entire game.
 E = Experience gained in this place as a percentage of experience gained in the entire game.
 F = Experience gained in this place divided by the number of levels of this place that you have seen.
                   A       B       C       D       E      F
               +-------+-------+-------+-------+-------+----------------------
         Total | 100.0 | 100.0 | 100.0 |   N/A | 100.0 |  17.0
       Dungeon | 100.0 | 100.0 | 100.0 |   N/A | 100.0 |  17.0
               +-------+-------+-------+-------+-------+----------------------

Table legend: (Time is in decaauts)
 A = Elapsed time spent in this place.
 B = Non-inter-level travel time spent in this place.
 C = Inter-level travel time spent in this place.
 D = Time resting spent in this place.
 E = Time spent auto-exploring this place.
 F = Levels seen in this place.
 G = Mean time per level.
                   A        B        C        D        E       F      G
               +--------+--------+--------+--------+--------+-----+--------+
         Total |   1181 |   1158 |     23 |    307 |    680 |   2 |  590.5 |
       Dungeon |   1181 |   1158 |     23 |    307 |    680 |   2 |  590.5 |
               +--------+--------+--------+--------+--------+-----+--------+

Top non-repeatable levels by time:
     D:1: 1158 daAuts
     D:2: 23 daAuts
